 Dungeon Crawl Stone Soup version 0.29-a0-914-g906f1d757c (webtiles) character file.

Game seed: 10588821974334205087

42 wilfster70 the Grasshopper (level 3, -2/29 HPs)
             Began as a Draconian Warper on July 26, 2022.
             Slain by an orc
             ... wielding a +0 falchion of holy wrath
              (5 damage)
             ... on level 1 of the Dungeon.
             The game lasted 00:02:58 (1101 turns).

wilfster70 the Grasshopper (Draconian Warper)       Turns: 1101, Time: 00:02:58

Health: -2/29      AC:  5    Str: 19    XL:     3   Next: 33%
Magic:  7/7        EV: 12    Int: 15    God:
Gold:   108        SH:  0    Dex: 10    Spells: 5/7 levels left

rFire   . . .      SeeInvis .   a - +1 dagger (elec)
rCold   . . .      Faith    .   (no shield)
rNeg    . . .      Spirit   .   (body armour unavailable)
rPois   .          Reflect  .   (helmet restricted)
rElec   .          Harm     .   (no cloak)
rCorr   .          Rampage  .   (no gloves)
Will    .....                   (no boots)
Stlth   +.........              (no amulet)
HPRegen 0.09/turn               d - +6 ring of strength
MPRegen 0.10/turn               (no ring)

@: no status effects
A: AC +5, unfitting armour, cold-blooded
a: no special abilities


You were on level 1 of the Dungeon.
You visited 1 branch of the dungeon, and saw 2 of its levels.

You collected 108 gold pieces.

Inventory:

Hand Weapons
 a - a +1 dagger of electrocution (weapon)
Missiles
 c - 5 boomerangs of dispersal (quivered)
 e - 4 stones
Jewellery
 d - a +6 ring of strength (left hand)
Scrolls
 b - a scroll of blinking
Potions
 f - 2 potions of flight
 g - a potion of might {unknown}
 h - a potion of curing {unknown}


   Skills:
 - Level 2.1 Fighting
 - Level 2.0 Short Blades
 - Level 0.8 Throwing
 - Level 2.1 Dodging
 + Level 2.9 Spellcasting
 + Level 3.8 Translocations


You had 5 spell levels left.
You knew the following spells:

 Your Spells              Type           Power      Damage    Failure   Level
g - Blink                 Tloc           26%        N/A       6%          2

Your spell library contained the following spells:

 Spells                   Type           Power      Damage    Failure   Level
 Gell's Gravitas          Tloc           13%        N/A       13%         3
 Lesser Beckoning         Tloc           13%        N/A       13%         3
 Teleport Other           Tloc           13%        N/A       13%         3
 Manifold Assault         Tloc           13%        N/A       75%         5


Dungeon Overview and Level Annotations

Branches:
Dungeon (2/15)

Altars:


Innate Abilities, Weirdness & Mutations

Your plain brown scales are hard. (AC +5)
You cannot fit into any form of body armour.
You are cold-blooded and may be slowed by cold attacks.


Message History

You escape the ball python's grasp.
The ball python attacks as you move away!
The ball python barely misses you. x2
The orc attacks as you move away!
The orc hits you with a +0 falchion of holy wrath.
The ball python attacks as you move away!
The ball python barely misses you. x2
The ball python attacks as you move away!
The ball python barely misses you. x2
The ball python attacks as you move away!
The ball python misses you. The ball python barely misses you.
The ball python bites you. The ball python misses you.
The ball python closely misses you. The ball python grabs you.
The ball python constricts you.
The ball python's grasp on you weakens, but your attempt to escape fails.
The ball python bites you but does no damage.
The ball python barely misses you. The ball python constricts you.
You escape the ball python's grasp.
The ball python bites you. The ball python grabs you.
The ball python constricts you.
You escape the ball python's grasp.
The ball python attacks as you move away!
The ball python bites you. The ball python closely misses you.
You closely miss the ball python. You hit the ball python.
Lightning courses through the ball python!!
You kill the ball python!
The ball python barely misses you. The ball python closely misses you.
You barely miss the ball python. The ball python completely misses you.
The ball python barely misses you.
The orc hits you with a +0 falchion of holy wrath.
* * * LOW HITPOINT WARNING * * *
You hit the ball python.
Lightning courses through the ball python!!
You kill the ball python!
The orc hits you with a +0 falchion of holy wrath.
* * * LOW HITPOINT WARNING * * *
You hit the orc.
The orc is moderately wounded.
The orc hits you with a +0 falchion of holy wrath.
You die...

#....## ############ #....#
#..........#######....#
#......^..............#
######........>[...........#
#.............)............#
###.##.####.##.............#
##...#####...#...######.####
#..⌠.......⌠@o...######.#####
##...#####...#...............
##.## ##.##.#..####......# #.#
#.#........+....... #.#
#.#......###......# #.#
#.#....#.###......# #######.##
##.##...#..##......#
.....#...#####...#...#..##.......
####...⌠.......⌠.....#...#####)..


You could see an orc.

Vanquished Creatures
  An orc wizard (D:1)
  2 dart slugs (D:1)
  An orc (D:1)
  2 endoplasms (D:1)
  A goblin (D:1)
  A hobgoblin (D:1)
  A quokka (D:1)
  2 ball pythons (D:1)
  A kobold (D:1)
  A rat (D:1)
13 creatures vanquished.

Notes
Turn   | Place    | Note
-------+----------+-------------------------------------------
     0 | D:1      | wilfster70 the Draconian Warper began the quest for the
                  | Orb.
     0 | D:1      | Reached XP level 1. HP: 17/17 MP: 3/3
   331 | D:1      | Reached XP level 2. HP: 24/24 MP: 5/5
   341 | D:1      | Learned a level 2 spell: Blink
   841 | D:1      | Reached XP level 3. HP: 16/29 MP: 7/7
  1101 | D:1      | Slain by an orc

Illustrated notes

Levels and vault maps discovered:
D:1:      minmay_arrival_checkered_box, layout_basic, minmay_misc_feat_tower
D:2:      layout_rooms, shapermc_ecumenical_altar_hornbeckon,
          minmay_tetromino_o4

Action                   || total
-------------------------++-------
Melee: Short sword       ||     5
       Dagger            ||    23
       Tailslap          ||     2
       Punch             ||     1
Throw: Boomerang         ||     2
  Use: Scroll            ||     2
Armor: Skin              ||    10
Dodge: Dodged            ||    30

Table legend: (Time is in decaauts)
 A = Elapsed time spent in this place.
 B = Non-inter-level travel time spent in this place.
 C = Inter-level travel time spent in this place.
 D = Time resting spent in this place.
 E = Time spent auto-exploring this place.
 F = Levels seen in this place.
 G = Mean time per level.
                   A        B        C        D        E       F      G
               +--------+--------+--------+--------+--------+-----+--------+
         Total |   1099 |   1075 |     24 |    354 |    457 |   2 |  549.5 |
       Dungeon |   1099 |   1075 |     24 |    354 |    457 |   2 |  549.5 |
               +--------+--------+--------+--------+--------+-----+--------+

Top non-repeatable levels by time:
     D:1: 1092 daAuts
     D:2: 7 daAuts
